 Dungeon Crawl Stone Soup version 0.30.0-30-g96aa6591b8 (webtiles) character file.

Game seed: 11854632249983188310

9 Chiseanne the Sneak (level 2, 3/21 HPs)
             Began as an Octopode Delver on June 28, 2023.
             Quit the game on level 5 of the Dungeon.
             The game lasted 00:00:21 (59 turns).

Chiseanne the Sneak (Octopode Delver)                 Turns: 59, Time: 00:00:21

Health: 3/21       AC:  1    Str: 11    XL:     2   Next: 16%
Magic:  2/2        EV: 13    Int: 12    God:
Gold:   0          SH:  0    Dex: 13    Spells: 1/1 levels left

rFire   . . .        a - +0 short sword
rCold   . . .        (no shield)
rNeg    . . .        (helmet restricted)
rPois   .            (no amulet)
rElec   .            (no ring)
rCorr   .            (no ring)
SInv    .            (no ring)
Will    .....        (no ring)
Stlth   ++++         (no ring)
HPRegen 0.23/turn    (no ring)
MPRegen 0.08/turn    (no ring)
                     (no ring)

%: no passive effects
@: no status effects
A: almost no armour, amphibious, 8 rings, camouflage 1, gelatinous body 1,
(nimble swimmer 1), tentacles
a: no special abilities


You were on level 5 of the Dungeon.
You visited 1 branch of the dungeon, and saw 1 of its levels.

Inventory:

Hand Weapons
 a - a +0 short sword (weapon)
Wands
 f - a wand of digging (3)
Scrolls
 b - a scroll of fog
 c - a scroll of magic mapping
 d - a scroll of fear
 g - a scroll of identify {unknown}
Potions
 e - a potion of haste


   Skills:
 * Level 3.2 Fighting
 - Level 2.0 Short Blades
 * Level 2.3 Dodging
 * Level 6.8 Stealth


You had one spell level left.
You didn't know any spells.
Your spell library was empty.

Dungeon Overview and Level Annotations

Branches:
Dungeon (5/15)
 Temple: D:4-7

Altars:


Innate Abilities, Weirdness & Mutations

You cannot wear most types of armour.
You are amphibious.
You can wear up to eight rings at the same time.
Your skin changes colour to match your surroundings (Stealth+).
Your rubbery body absorbs attacks. (AC +1, EV +1)
((You are camouflaged when in or above water. (Stealth+)))
You have tentacles for arms and can constrict up to eight enemies at once.


Message History

There is an open door here.
g - a scroll labelled QEMOG RAMOOSE You open the door.
There is an open door here.
A gnoll comes into view. It is wielding a +0 whip.
The gnoll shouts!
You hear a shout!
A gnoll comes into view. It is wielding a +0 spear.
You open the door. As you open the door, it creaks loudly!
You hear a shout!
You open the door. You hit the gnoll. You grab the gnoll.
The gnoll is moderately wounded.
You constrict the gnoll. You barely miss the gnoll. You squeeze the gnoll.
The gnoll is severely wounded.
You constrict the gnoll. The gnoll barely misses you.
You hit the gnoll. You squeeze the gnoll.
You kill the gnoll!
You have reached level 2!
You see here a +0 whip. 2 gnolls come into view.
You see here a +0 whip.
The gnoll barely misses you. The gnoll barely misses you.
The gnoll hits you with a +0 spear.
You hit the gnoll but do no damage. Your grab misses the gnoll.
The gnoll hits you but does no damage.
A gnoll comes into view. It is wielding a +0 flail.
The gnoll hits you with a +0 spear.
The gnoll shouts!
You hit the gnoll but do no damage. Your grab misses the gnoll.
You squeeze the gnoll, but do no damage.
The gnoll barely misses you. The gnoll closely misses you.
You barely miss the gnoll. You grab the gnoll. You constrict the gnoll.
The gnoll barely misses you. The gnoll closely misses you.
You barely miss the gnoll.
The gnoll is lightly wounded.
You constrict the gnoll. The gnoll hits you with a +0 spear.
The gnoll hits you with a +0 club!
* * * LOW HITPOINT WARNING * * *
Are you sure you want to abandon this character and quit the game? (Confirm with "yes".)

#<..# ## #...#
.#####+####...#
.........#...#
........#...#
.......#...#.
#######'###'##'#...
#..g............#
#.@g..g.........#
#...............#
#...............#
..###+#...............#
........##'#######'####
.......>#.............#
........'.............#
........#.............#
........###############


You could see 3 gnolls.

Vanquished Creatures
  A gnoll (D:5)
1 creature vanquished.

Notes
Turn   | Place    | Note
-------+----------+-------------------------------------------
     0 | D:5      | Chiseanne the Octopode Delver began the quest for the Orb.
     0 | D:5      | Reached XP level 1. HP: 16/16 MP: 1/1
    43 | D:5      | Reached XP level 2. HP: 21/21 MP: 2/2
    59 | D:5      | Quit the game

Illustrated notes

Levels and vault maps discovered:
D:5:      lemuel_ratsnest, layout_gridville, minmay_liquid_box

Action                     || total
---------------------------++-------
  Melee: Short sword       ||     7
         Tentacles         ||     3
         Constrict         ||     2
 Armour: Skin              ||     1
  Dodge: Dodged            ||     7
